 Dungeon Crawl Stone Soup version 0.24.1-8-ga250c9d538 (webtiles) character file.

Game seed: 6059033930144792849, levelgen mode: deterministic

47 hurp the Cudgeler (level 3, -9/34 HPs)
             Began as a Minotaur Berserker on May 1, 2020.
             Was a Believer of Trog.
             Killed by divine providence
             ... invoked by an orc priest
              (10 damage)
             ... on level 2 of the Dungeon.
             The game lasted 00:06:43 (878 turns).

hurp the Cudgeler (Minotaur Berserker)               Turns: 878, Time: 00:06:44

Health: -9/34      AC:  2    Str: 22    XL:     3   Next: 48%
Magic:  0/2        EV: 12    Int:  4    God:    Trog [**....]
Gold:   84         SH:  0    Dex:  9    Spells: 2/2 levels left

rFire    . . .     SeeInvis .   a - +1 mace
rCold    . . .     Gourm    .   (no shield)
rNeg     . . .     Faith    .   b - +0 animal skin
rPois    .         Spirit   +   (helmet restricted)
rElec    .         Reflect  .   (no cloak)
rCorr    .         Harm     .   (no gloves)
MR       .....                  (no boots)
Stlth    +.........             h - amulet of guardian spirit
HPRegen  0.11/turn              (no ring)
MPRegen  0.08/turn              (no ring)

@: no status effects
A: retaliatory headbutt, horns 2
a: Berserk, Trog's Hand, Renounce Religion


You were on level 2 of the Dungeon.
You worshipped Trog.
Trog was pleased with you.
You were not hungry.

You visited 1 branch of the dungeon, and saw 2 of its levels.

You collected 84 gold pieces.

Inventory:

Hand Weapons
 a - a +1 mace (weapon)
 l - a +0 hunting sling
Missiles
 m - 20 stones (quivered)
Armour
 b - a +0 animal skin (worn)
 e - a +0 leather armour
 k - a +1 hat
Jewellery
 h - an amulet of guardian spirit (around neck)
Scrolls
 i - a scroll of magic mapping
 j - 2 scrolls of identify {unknown}
Potions
 f - a potion of might {unknown}
Comestibles
 c - 6 rations
 d - 3 chunks of flesh


   Skills:
 + Level 4.3 Fighting
 + Level 4.4 Maces & Flails
 + Level 2.5 Armour
 + Level 2.7 Dodging
 + Level 0.1 Stealth


You had 2 spell levels left.
You didn't know any spells.
Your spell library was empty.

Dungeon Overview and Level Annotations

Branches:
Dungeon (2/15)

Altars:
Cheibriados
Nemelex Xobeh


Innate Abilities, Weirdness & Mutations

You reflexively headbutt those who attack you in melee.
You have a pair of horns on your head.


Message History

Trog accepts your kill.
A hobgoblin comes into view. It is wielding a +0 club.
The orc hits you but does no damage.
You closely miss the orc. The orc hits you but does no damage.
You hit the orc but do no damage. The orc hits you with a +0 club.
You closely miss the orc. Your headbutt misses the orc.
The orc barely misses you.
You hit the orc but do no damage. Your headbutt misses the orc.
The orc hits you with a +0 club.
You hit the orc. You headbutt the orc.
The orc is almost dead.
The orc priest calls down the wrath of Beogh upon you.
Beogh smites you!
* * * LOW HITPOINT WARNING * * *
The orc barely misses you. You furiously retaliate!
You headbutt the orc.
You kill the orc!
Trog accepts your kill.
The orc priest calls down the wrath of Beogh upon you.
Beogh smites you!
You die...

###.#.##.##......#****** *
#...#.............,,,,,** *
#######...#.#...#......#,,,,,,* *
....).........#.........,***,,* *
#####..(...(..%....###.#****,,* *
****#..†(...........#,,,,,,,,,* *
#..........#####.###....,,,,,,* *
##.####....# #.# **...,,,,,,* *
##,* ###..# #@# *,..,,,,,,* * *,*
#..# #.# *,,.,,,,,** *
**,*****#..#***#o# *,,,,,,,,* *
,,,,,,,,...#,,,oo# *,,,,,,,,* *
,,,,,,**,,,*,,.J.# *******,,* *
,*,**,**,,,,,....#*******,,*,****
,,,**,**,,**......,,,,,,,>***,,,,
,,,,,,,,,,*#.....#*******,,*,****
,,,,*,**,**###.### *,*,,,,*


You could see an orc priest, an ooze and 2 orcs.

Vanquished Creatures
  A dart slug (D:1)
  5 leopard geckos
  2 orcs (D:2)
  7 bats
  3 giant cockroaches
  2 goblins
  2 hobgoblins
  2 quokkas (D:2)
  2 frilled lizards
  6 kobolds (D:1)
  5 rats
37 creatures vanquished.

Notes
Turn   | Place    | Note
-------+----------+-------------------------------------------
     0 | D:1      | hurp the Minotaur Berserker began the quest for the Orb.
     0 | D:1      | Reached XP level 1. HP: 19/19 MP: 0/0
   154 | D:1      | Reached XP level 2. HP: 26/27 MP: 1/1
   679 | D:2      | Reached XP level 3. HP: 29/33 MP: 2/2
   723 | D:2      | Reached ** piety under Trog
   759 | D:2      | Found a sparkling altar of Nemelex Xobeh.
   759 | D:2      | Found a snail-covered altar of Cheibriados.
   877 | D:2      | HP: 1/34 [orc priest/divine providence (11)]
   878 | D:2      | Killed from afar by an orc priest

Levels and vault maps discovered:
D:1:      lightli_arrival_boilingwater, layout_basic, minmay_pentomino_q2
D:2:      layout_loops_ring, amethyst_overflow_temple_binary,
          chequers_ecumenical_altar_twisty, first_ration

Skill      XL: |  1  2 |
---------------+-------+-----
Maces & Flails | 4 |  4.4
Fighting       | 4 |  4.3
Armour         | |  2.5
Dodging        | |  2.7
Stealth        | |  0.1

Action                   || total
-------------------------++-------
Melee: Mace              ||    74
       Headbutt          ||     6
  Use: Scroll            ||     2
 Stab: Sleeping          ||     1
Armor: Animal skin       ||    22
Dodge: Dodged            ||    53
